 Dungeon Crawl Stone Soup version 0.24-a0-244-ga6a6ab7 (webtiles) character file.

Game seed: 2683164649999773968

28755 Gorice the Cleaver (level 13, -11/106 HPs)
             Began as a Demonspawn Wanderer on Apr 9, 2019.
             Was a High Priest of Kikubaaqudgha.
             Killed from afar by a ynoxinul (22 damage)
             ... with an iron shot
             ... on level 1 of the Abyss on Apr 10, 2019.
             The game lasted 01:22:25 (23191 turns).

Gorice the Cleaver (Demonspawn Wanderer)           Turns: 23191, Time: 01:22:25

Health: -11/106    AC: 22    Str: 18    XL:     13   Next: 11%
Magic:  0/14       EV:  6    Int: 14    God:    Kikubaaqudgha [*****.]
Gold:   205        SH:  0    Dex: 12    Spells: 14/14 levels left

rFire    . . .     SeeInvis +   u - +2 hand axe (freeze)
rCold    + . .     Gourm    .   (no shield)
rNeg     . . .     Faith    .   C - +2 plate armour {rPois}
rPois    +         Spirit   +   d - +0 helmet
rElec    .         Reflect  .   P - +0 cloak
rCorr    .         Harm     .   (no gloves)
MR       .....                  (boots unavailable)
Stlth    ..........             v - amulet of guardian spirit
HPRegen  0.27/turn              i - ring of see invisible
MPRegen  0.14/turn              p - ring of poison resistance

@: lethally poisoned (-11 -> -13)
A: talons 3, yellow scales 1, cold resistance 1, powered by pain 2
a: Receive Corpses, Torment, Renounce Religion


You were on level 1 of the Abyss.
You worshipped Kikubaaqudgha.
Kikubaaqudgha was extremely pleased with you.
You were hungry.

You visited 3 branches of the dungeon, and saw 16 of its levels.
You visited the Abyss 1 time.

You collected 955 gold pieces.
You spent 750 gold pieces at shops.

Inventory:

Hand Weapons
 a - the +7 dagger "Hydraslayer" {venom, rElec MR- Str+2 Int+4}
   (You found it on level 4 of the Dungeon)

   It poisons the flesh of those it strikes.
   It affects your strength (+2).
   It affects your intelligence (+4).
   It insulates you from electricity.
   It affects your resistance to hostile enchantments.
 g - a +0 war axe
 h - a +0 hand axe of flaming
   (You took it off an orc on level 6 of the Dungeon)
 u - a +2 hand axe of freezing (weapon)
   (You took it off an orc on level 10 of the Dungeon)
 A - a +3 hand axe
 B - a +0 blowgun
Missiles
 k - 11 curare-tipped needles
 r - 10 javelins (quivered)
 L - 15 tomahawks
 Z - 3 throwing nets {!f}
Armour
 d - a +0 helmet (worn)
 n - a +2 scale mail of fire resistance
   (You took it off a hobgoblin on level 3 of the Dungeon)
 C - a +2 plate armour of poison resistance (worn)
   (You bought it in a shop on level 5 of the Dungeon)
 P - a +0 cloak (worn)
Jewellery
 i - a ring of see invisible (left hand)
 p - a ring of poison resistance (right hand)
 v - an amulet of guardian spirit (around neck)
Wands
 m - a wand of digging (9)
 s - a wand of iceblast (18)
 x - a wand of clouds (6)
 F - a wand of flame (9)
 H - a wand of acid (22)
 O - a wand of polymorph (16)
Scrolls
 c - 6 scrolls of teleportation {!r}
 e - a scroll of fog
 l - a scroll of enchant weapon
 q - 2 scrolls of magic mapping {!r}
 t - 7 scrolls of remove curse
 y - 2 scrolls of identify
 J - a scroll of noise {unknown}
 K - 2 scrolls of blinking
Potions
 j - 3 potions of might {!q}
 o - a potion of berserk rage
 w - 2 potions of invisibility {!q}
 z - a potion of resistance {!q}
 D - 2 potions of cancellation {!q}
 E - 4 potions of heal wounds {!q}
 G - 2 potions of ambrosia
 I - 2 potions of agility {!q}
 N - 2 potions of haste {!q}
 Q - 7 potions of curing
Comestibles
 f - 12 rations


   Skills:
 + Level 11.3 Fighting
 + Level 13.0 Axes
 + Level 12.1 Armour
 - Level 1.7 Stealth
 - Level 1.0 Spellcasting
   Level 1.7 Translocations


You had 14 spell levels left.
You didn't know any spells.
Your spell library contained the following spells:

 Spells                   Type           Power        Failure   Level  Hunger
 Freeze                   Ice            #...         99%         1    ##.....
 Pain                     Necr           #...         99%         1    ##.....
 Corpse Rot               Necr           N/A          100%        2    ###....
 Sublimation of Blood     Necr           #.........   100%        2    ###....
 Throw Frost              Conj/Ice       #.....       100%        2    ###....
 Ozocubu's Armour         Chrm/Ice       #.......     100%        3    ####...
 Vampiric Draining        Necr           #.........   100%        3    ####...
 Summon Ice Beast         Ice/Summ       #.......     100%        4    #####..
 Throw Icicle             Conj/Ice       #.......     100%        4    #####..
 Agony                    Necr           #.......     100%        5    ######.
 Bolt of Draining         Conj/Necr      #.........   100%        5    ######.
 Borgnjor's Vile Clutch   Necr/Erth      #.........   100%        5    ######.
 Dispel Undead            Necr           #.......     100%        5    ######.
 Simulacrum               Ice/Necr       #.........   100%        6    #######


Dungeon Overview and Level Annotations

Branches:
Dungeon (10/15)            Temple (1/1) D:7            Lair (5/6) D:8
  Swamp (0/4) Lair:2        Snake (0/4) Lair:3        Slime (0/5) Lair:5
    Orc (0/2) D:10

Altars:
Ashenzari
Cheibriados
Dithmenos
Elyvilon
Fedhas
Gozag
Hepliaklqana
Kikubaaqudgha
Makhleb
Nemelex Xobeh
Okawaru
Qazlal
Ru
Sif Muna
Trog
Uskayaw
Vehumet
Wu Jian
Xom
Yredelemnul
Zin
The Shining One
Beogh
Jiyva

Shops:
D:5 [!   D:6 ?

Annotations:
Lair:3 3 runed translucent doors, Azzok's ghost, journeyman OpFE
Lair:4 vpUX: death yaks!


Innate Abilities, Weirdness & Mutations

You have claws for feet.
You are partially covered in yellow scales. (AC +2)
Your flesh is cold resistant. (rC+)
You sometimes gain power by taking damage.


Message History

You freeze the hell hound. The hell hound bites you.
* * * LOW HITPOINT WARNING * * *
The guardian serpent coils itself and waves its upper body at you.
The bolt of poison hits the hell hound.
The hell hound dies!
The bolt of poison misses you.
The ynoxinul hits you but does no damage.
The ynoxinul gestures.
The hell hound bites you!
* * * LOW HITPOINT WARNING * * *
A tentacled starspawn comes into view.
The hell hound barely misses you.
Damage: 7 (max 12)
You hit the hell hound. You freeze the hell hound.
The hell hound is heavily wounded.
You closely miss the hell hound. You hit the ufetubus. You freeze the ufetubus.
You closely miss the ynoxinul. You closely miss the hell hound.
The hell hound bites you but does no damage.
The ynoxinul hits you but does no damage.
The hell hound bites you but does no damage.
You hit the hell hound. You freeze the hell hound.
Your kick misses the hell hound.
The hell hound is severely wounded.
You hit the hell hound but do no damage.
You hit the ufetubus.
You kill the ufetubus!
You hit the ynoxinul but do no damage. You hit the hell hound.
You freeze the hell hound.
You feel sick.
The hell hound bites you but does no damage. x2
A tentacle flies out from the starspawn's body!
The hell hound bites you but does no damage.
The hell hound bites you!
* * * LOW HITPOINT WARNING * * *
A starspawn tentacle comes into view.
Damage: 8 (max 12)
You hit the hell hound. You freeze the hell hound.
You kill the hell hound!
Kikubaaqudgha accepts your kill.
You hit the hell hound but do no damage.
Your plate armour prevents you from hitting the ufetubus.
You hit the ynoxinul but do no damage. You closely miss the hell hound.
The ufetubus barely misses you. The ufetubus hits you.
* * * LOW HITPOINT WARNING * * *
The guardian serpent coils itself and performs some mystic snake dance.
The tentacled starspawn blinks!
The ufetubus blinks!
The hell hound bites you but does no damage.
The ynoxinul gestures at you. The iron shot hits you!!
You die...
Kikubaaqudgha rasps: "You have failed me!
Welcome... death!"

# #. #.##
###
#§X#h.#
#5@## ## #
#h35#.. .#
##5S5# .#
#.3#5#.#.#
##§##5....
#N#......
. ##


N#S ..§.. .5##.##5 . ###### #.. #. .#...# You could see a naga warrior, a
tentacled starspawn, a guardian serpent, 2 ynoxinuls, 2 hell hounds, a naga and
7 ufetubi.

Vanquished Creatures
  A hydra (Lair:3)
  Harold (D:7)
  A queen ant (Lair:3)
  2 death yaks (Lair:3)
  Urug (Lair:4)
  A large abomination (Abyss:1)
  Pikel (D:7)
  3 elephants (Lair:5)
  A black mamba (Lair:1)
  Joseph (D:7)
  2 spiny frogs (Lair:5)
  A torpor snail (Lair:5)
  7 komodo dragons
  3 rime drakes
  A polar bear (D:8)
  A hornet (D:8)
  A slime creature (Lair:5)
  8 blink frogs
  3 hippogriffs
  A bog body (Lair:2)
  5 dream sheep (Lair:4)
  22 yaks
  A wyvern (D:9)
  A basilisk (Lair:3)
  5 golden eyes (Abyss:1)
  A neqoxec (Abyss:1)
  A hungry ghost (D:10)
  3 steam dragons
  A small abomination (Abyss:1)
  Menkaure (D:7)
  20 soldier ants (Lair:3)
  Edmund (D:3)
  4 nagas (Lair:3)
  An acid dragon (Lair:4)
  7 water moccasins
  A hell hound (Abyss:1)
  8 orc warriors
  2 porcupines
  3 ice beasts
  2 sky beasts
  2 phantoms
  A black bear (D:7)
  An ogre (D:5)
  2 centaurs (D:9)
  6 crocodiles
  14 bullfrogs
  2 gnoll sergeants
  A wyvern skeleton (D:9)
  2 scorpions
  A water moccasin skeleton (D:6)
  4 killer bees (D:6)
  2 howler monkeys
  2 electric eels (D:10)
  4 hounds
  2 quasits
  2 centaur skeletons
  14 orc wizards
  3 jellies
  10 orc priests
  4 gnoll shamans (D:4)
  Crazy Yiuf (D:7)
  An iguana (D:9)
  25 worker ants
  2 hound skeletons
  A howler monkey zombie (D:9)
  9 adders
  35 gnolls
  A howler monkey skeleton (D:8)
  3 shadow imps
  16 oozes
  An adder zombie (D:8)
  2 worms (D:5)
  2 dart slugs
  3 leopard geckos
  51 orcs
  A ball python (D:3)
  7 giant cockroaches
  9 hobgoblins
  31 jackals
  4 quokkas
  5 bats
  5 frilled lizards
  15 goblins
  10 kobolds
  12 rats
  2 fungi
464 creatures vanquished.

Vanquished Creatures (others)
  A hell hound (Abyss:1)
  4 orcs
  8 fungi
  3 plants
  2 starspawn tentacles (Abyss:1)
18 creatures vanquished.

Grand Total: 482 creatures vanquished

Notes
Turn   | Place    | Note
-------+----------+-------------------------------------------
     0 | D:1      | Gorice the Demonspawn Wanderer began the quest for the Orb.
     0 | D:1      | Gorice set off with the following items: a +2 hand axe, a
                  | +0 ring mail, a scroll of teleportation {!r}, a +0 dagger,
                  | a ration
     0 | D:1      | Reached XP level 1. HP: 13/13 MP: 2/2
    80 | D:1      | Reached skill level 2 in Axes
   163 | D:1      | Gained mutation: Your flesh is cold resistant. (rC+)
                  | [demonic ancestry]
   163 | D:1      | Reached XP level 2. HP: 14/19 MP: 3/3
   411 | D:1      | Reached skill level 3 in Armour
   893 | D:1      | Reached XP level 3. HP: 24/24 MP: 4/4
  1145 | D:2      | Found a faded altar of an unknown god.
  1155 | D:2      | Reached skill level 3 in Axes
  1570 | D:2      | Gained mutation: You are partially covered in yellow
                  | scales. (AC +2) [demonic ancestry]
  1570 | D:2      | Reached XP level 4. HP: 30/30 MP: 5/5
  2737 | D:4      | Reached skill level 4 in Axes
  2770 | D:4      | Reached XP level 5. HP: 33/35 MP: 6/6
  3309 | D:3      | Reached skill level 4 in Armour
  3629 | D:4      | Reached XP level 6. HP: 33/41 MP: 7/7
  3687 | D:4      | Reached skill level 5 in Axes
  3752 | D:4      | Noticed Edmund
  3791 | D:3      | HP: 7/41 [phantom (7)]
  4069 | D:3      | Killed Edmund
  4069 | D:3      | Gained mutation: You have sharp toenails. [demonic
                  | ancestry]
  4069 | D:3      | Reached XP level 7. HP: 17/46 MP: 8/8
  4297 | D:4      | Reached skill level 6 in Axes
  4418 | D:4      | Got a bloodstained dagger
  4636 | D:4      | Reached skill level 5 in Armour
  4993 | D:4      | Identified the +7 dagger "Hydraslayer" {venom, rElec MR-
                  | Str+2 Int+4} (You found it on level 4 of the Dungeon)
  5178 | D:4      | Reached skill level 7 in Axes
  5431 | D:4      | Gained mutation: You have razor-sharp toenails. [demonic
                  | ancestry]
  5431 | D:4      | Reached XP level 8. HP: 49/52 MP: 7/9
  5566 | D:5      | Entered Level 5 of the Dungeon
  5605 | D:5      | Found Pehesuun's Antique Armour Shoppe.
  6018 | D:5      | Reached skill level 6 in Armour
  6078 | D:5      | Reached skill level 8 in Axes
  6150 | D:5      | Found Berasorph's Distillery.
  6155 | D:5      | Bought a potion of curing for 36 gold pieces
  6155 | D:5      | Bought a potion of heal wounds for 60 gold pieces
  6499 | D:4      | Found a shadowy altar of Dithmenos.
  6499 | D:4      | Found a deep blue altar of Sif Muna.
  6612 | D:6      | Found Zeprut's Magic Scroll Emporium.
  6652 | D:6      | Bought a scroll of blinking for 82 gold pieces
  6661 | D:6      | Reached skill level 1 in Fighting
  7026 | D:7      | Reached skill level 2 in Fighting
  7026 | D:7      | Reached XP level 9. HP: 61/61 MP: 8/10
  7108 | D:7      | Found a staircase to the Ecumenical Temple.
  7117 | Temple   | Entered the Ecumenical Temple
  7317 | Temple   | Became a worshipper of Kikubaaqudgha
  7359 | D:7      | Noticed Menkaure
  7380 | D:7      | Killed Menkaure
  7380 | D:7      | Reached skill level 7 in Armour
  7603 | D:7      | Reached skill level 3 in Fighting
  7603 | D:7      | Reached skill level 9 in Axes
  7939 | D:7      | Noticed Harold
  7953 | D:7      | Killed Harold
  7953 | D:7      | Reached skill level 4 in Fighting
  8132 | D:6      | HP: 19/66 [poisoned by a killer bee]
  8137 | D:6      | HP: 17/66 [poisoned by a killer bee]
  8142 | D:6      | HP: 16/66 [poisoned by a killer bee]
  8149 | D:6      | HP: 16/66 [poisoned by a killer bee]
  8157 | D:6      | HP: 16/66 [poisoned by a killer bee]
  8817 | D:7      | Noticed Joseph
  8849 | D:7      | HP: 18/66 [Joseph/+0 quarterstaff (2)]
  8850 | D:7      | Killed Joseph
  8850 | D:7      | Reached skill level 5 in Fighting
  8850 | D:7      | Reached skill level 8 in Armour
  9230 | D:7      | Noticed Pikel
  9242 | D:7      | Killed Pikel
  9242 | D:7      | Reached XP level 10. HP: 58/74 MP: 9/11
  9259 | D:7      | Found a shadowy altar of Dithmenos.
  9551 | D:7      | Found a runed translucent door.
  9552 | D:7      | Noticed Crazy Yiuf
  9557 | D:7      | Killed Crazy Yiuf
  9626 | D:8      | Found a snail-covered altar of Cheibriados.
  9723 | D:8      | Found a staircase to the Lair.
  9877 | D:8      | Reached skill level 10 in Axes
  9930 | D:8      | Reached * piety under Kikubaaqudgha
  9930 | D:8      | Identified Kikubaaqudgha's Collected Works on Unholy Rites
                  | (Kikubaaqudgha gifted it to you on level 8 of the Dungeon)
  9930 | D:8      | Received a gift from Kikubaaqudgha
 10238 | D:7      | HP: 12/76 [orc warrior/+0 flail (17)]
 10539 | D:8      | Reached skill level 6 in Fighting
 10704 | D:8      | Found a sacrificial altar of Ru.
 10957 | Lair:1   | Entered Level 1 of the Lair of Beasts
 11299 | Lair:1   | Reached skill level 9 in Armour
 11411 | Lair:1   | HP: 22/77 [komodo dragon (19)]
 11438 | Lair:1   | Noticed a black mamba
 11744 | Lair:1   | Reached skill level 7 in Fighting
 12106 | Lair:1   | Killed a black mamba
 12108 | Lair:1   | HP: 23/79 [poisoned by a black mamba]
 12113 | Lair:1   | HP: 16/79 [poisoned by a black mamba]
 12118 | Lair:1   | HP: 12/79 [poisoned by a black mamba]
 12123 | Lair:1   | HP: 9/79 [poisoned by a black mamba]
 12128 | Lair:1   | HP: 8/79 [poisoned by a black mamba]
 12133 | Lair:1   | HP: 7/79 [poisoned by a black mamba]
 12140 | Lair:1   | HP: 6/79 [poisoned by a black mamba]
 12148 | Lair:1   | HP: 6/79 [poisoned by a black mamba]
 13034 | Lair:1   | Gained mutation: You sometimes gain a little power by
                  | taking damage. [demonic ancestry]
 13034 | Lair:1   | Reached XP level 11. HP: 74/84 MP: 10/12
 13154 | D:8      | HP: 23/84 [polar bear (11)]
 13564 | Lair:2   | Reached skill level 11 in Axes
 14071 | Lair:2   | Found a staircase to the Swamp.
 14306 | Lair:3   | Reached skill level 8 in Fighting
 14369 | Lair:3   | Found a runed translucent gate.
 14750 | Lair:3   | Reached skill level 10 in Armour
 14779 | Lair:3   | Reached ** piety under Kikubaaqudgha
 15151 | Lair:3   | Found a runed translucent gate.
 15154 | Lair:3   | Found a runed translucent gate.
 15157 | Lair:3   | Noticed Azzok's ghost (journeyman OpFE)
 15208 | Lair:3   | HP: 26/87 [blink frog (6)]
 15361 | D:5      | Bought a runed plate armour for 572 gold pieces
 15762 | Lair:3   | Found a staircase to the Snake Pit.
 16015 | Lair:3   | Upgraded the game from 0.24-a0-243-g8f5f5cd to
                  | 0.24-a0-244-ga6a6ab7
 16025 | Lair:3   | Noticed a seven-headed hydra
 16036 | Lair:3   | HP: 25/87 [three-headed hydra (3)]
 16042 | Lair:3   | Killed a one-headed hydra
 16042 | Lair:3   | Reached skill level 9 in Fighting
 16500 | Lair:3   | Noticed a queen ant
 16532 | Lair:3   | Killed a queen ant
 16550 | Lair:3   | HP: 26/89 [poisoned by a queen ant]
 16555 | Lair:3   | HP: 23/89 [poisoned by a queen ant]
 16560 | Lair:3   | HP: 22/89 [poisoned by a queen ant]
 16565 | Lair:3   | HP: 21/89 [poisoned by a queen ant]
 16572 | Lair:3   | HP: 20/89 [poisoned by a queen ant]
 16580 | Lair:3   | HP: 20/89 [poisoned by a queen ant]
 16931 | Lair:3   | Gained mutation: You have claws for feet. [demonic
                  | ancestry]
 16931 | Lair:3   | Reached XP level 12. HP: 92/96 MP: 13/13
 17076 | Lair:3   | Reached skill level 12 in Axes
 17488 | Lair:3   | Reached *** piety under Kikubaaqudgha
 17488 | Lair:3   | Identified Kikubaaqudgha's Papyrus of Evil Rituals
                  | (Kikubaaqudgha gifted it to you on level 3 of the Lair of
                  | Beasts)
 17488 | Lair:3   | Received a gift from Kikubaaqudgha
 17752 | Lair:4   | Reached skill level 11 in Armour
 17816 | Lair:4   | Noticed Urug
 17852 | Lair:4   | Killed Urug
 17852 | Lair:4   | Reached skill level 10 in Fighting
 18285 | Lair:4   | Noticed Sonja
 18286 | Lair:4   | Noticed Sonja
 18286 | Lair:4   | Sonja changed into Sonja the acid dragon
 18584 | Lair:4   | Killed Sonja the acid dragon
 18687 | Lair:4   | Noticed a death yak
 18688 | Lair:4   | Noticed a death yak
 18713 | Lair:4   | Noticed a death yak
 18713 | Lair:4   | Noticed a death yak
 18715 | Lair:4   | Noticed a death yak
 18741 | Lair:3   | HP: 29/97 [death yak (15)]
 18742 | Lair:3   | Killed a death yak
 18747 | Lair:3   | HP: 25/97 [death yak (6)]
 18751 | Lair:3   | HP: 4/97 [death yak (10)]
 18755 | Lair:3   | Killed a death yak
 20210 | Lair:5   | Found a staircase to the Slime Pits.
 20210 | Lair:5   | Found a viscous altar of Jiyva.
 20755 | D:8      | Reached **** piety under Kikubaaqudgha
 20825 | D:9      | Reached skill level 11 in Fighting
 21910 | D:10     | Entered Level 10 of the Dungeon
 22121 | D:10     | Gained mutation: You sometimes gain power by taking damage.
                  | [demonic ancestry]
 22121 | D:10     | Reached XP level 13. HP: 40/106 MP: 6/14
 22478 | D:10     | Found a staircase to the Orcish Mines.
 22552 | D:10     | Reached skill level 12 in Armour
 22617 | D:10     | Found a roughly hewn altar of Beogh.
 22635 | D:10     | HP: 30/106 [orc warrior/+1 glaive of distortion (8)]
 22636 | D:10     | Cast into level 1 of the Abyss (orc warrior)
 22736 | Abyss:1  | HP: 16/106 [large abomination (22)]
 22738 | Abyss:1  | Reached skill level 13 in Axes
 23166 | Abyss:1  | Reached ***** piety under Kikubaaqudgha
 23186 | Abyss:1  | HP: 31/106 [neqoxec (4)]
 23188 | Abyss:1  | Noticed a tentacled starspawn
 23190 | Abyss:1  | HP: 13/106 [hell hound (7)]
 23191 | Abyss:1  | Killed from afar by a ynoxinul

Levels and vault maps discovered:
D:1:      evilmike_arrival_rings, layout_basic, minmay_quantized
D:2:      layout_loops_ring, chequers_ecumenical_altar_simple_redux,
          first_ration, feat_on_display
D:3:      layout_loops_ring
D:4:      lemuel_castle_with_subvaults [lemuel_castle_interior_carwin_3],
          layout_basic, nicolae_overflow_hidden_temple, nrook_loot_triangle,
          uniq_edmund
D:5:      layout_loops_corners, serial_shops, shop, nicolae_shop_trees
D:6:      layout_cave_pools, serial_shops, shop
D:7:      layout_layer_cave, minmay_temple_entry_glassed_door, basic_altar,
          feat_on_display, uniq_menkaure, uniq_harold, uniq_crazy_yiuf_cottage,
          uniq_pikel, uniq_joseph
D:8:      layout_basic, nicolae_ru_awakened_eye, lemuel_crystal_altar,
          lair_entry_dummy
D:9:      layout_loops_ring, serial_glass, glass_columns_a, glass_columns_a,
          glass_columns_a, glass_columns_c
D:10:     layout_roguey [special_room_orc], erik_orc_2
Temple:   regret_index_temple_mists
Lair:1:   layout_loops_ring
Lair:2:   layout_cave_shapes, skrybe_swamp_entry_bodies,
          chequers_serial_rivers_micro_d, infiniplex_staircase_pool_2,
          lemuel_fruit_fields
Lair:3:   layout_cave_pods, minmay_snake_entry_guardpost_small,
          ebering_ghost_rock_garden, minivault_29, serial_bayou_shore_b
Lair:4:   layout_big_grid, uniq_sonja, uniq_urug
Lair:5:   lemuel_slime, layout_cave_pods, slime_altar_1
Abyss:1:  minivault_4

Skill      XL: |  1  2  3  4  5  6  7  8  9 10 11 12 13 |
---------------+----------------------------------------+-----
Axes           | 2 3 4 5 7 8 9 10 11 12 13 | 13.0
Armour         | 3 4 5 6 8 9 10 11 12 | 12.1
Fighting       | 2 5 7 9 11 | 11.3
Stealth        | |  1.7
Spellcasting   | |  1.0
Translocations | |  1.7

Action                   |  1- 3 |  4- 6 |  7- 9 | 10-12 | 13-15 || total
-------------------------+-------+-------+-------+-------+-------++-------
Melee: Hand axe          |   110 |   242 |    93 |    65 |    76 ||   586
       Dagger            |       |       |   336 |  1027 |    44 ||  1407
       Kick              |       |       |   104 |   387 |    21 ||   512
Throw: Stone             |     5 |    13 |     4 |       |       ||    22
       Tomahawk          |       |       |     5 |     2 |       ||     7
       Javelin           |       |       |     1 |    42 |     4 ||    47
Evoke: Wand              |       |     4 |     2 |    13 |     7 ||    26
  Use: Scroll            |     2 |     5 |     6 |    10 |       ||    23
  Eat: Chunk             |     2 |     8 |    14 |    35 |     6 ||    65
       Ration            |       |       |     1 |     2 |       ||     3
Armor: Ring mail         |    39 |    31 |       |       |       ||    70
       Scale mail        |       |    83 |   233 |   207 |       ||   523
       Plate armour      |       |       |       |   498 |   107 ||   605
Dodge: Dodged            |    67 |   100 |   225 |   345 |    37 ||   774

Table legend:
 A = Non-vault XP
 B = Vault XP
 C = Vault XP percentage of total XP
 D = Non-vault monster count
 E = Vault monster count
 F = Vault count percentage of total count
                 A         B        C        D         E       F
            +---------+---------+-------+---------+---------+-------
      Total |   30317 |   10762 |  26.2 |     319 |     145 |  31.2
            +---------+---------+-------+---------+---------+-------
        D:1 |      39 |       6 |  13.3 |      23 |       4 |  14.8
        D:2 |      82 |       0 |   0.0 |      26 |       0 |   0.0
        D:3 |     161 |     207 |  56.2 |      24 |       4 |  14.3
        D:4 |     290 |     691 |  70.4 |      15 |      48 |  76.2
        D:5 |     676 |       0 |   0.0 |      24 |       0 |   0.0
        D:6 |     821 |       0 |   0.0 |      25 |       0 |   0.0
        D:7 |    1010 |    2259 |  69.1 |      31 |       5 |  13.9
        D:8 |    1690 |       0 |   0.0 |      28 |       0 |   0.0
        D:9 |    2326 |     228 |   8.9 |      29 |       8 |  21.6
       D:10 |     540 |     445 |  45.2 |       5 |      14 |  73.7
     Lair:1 |    4620 |       0 |   0.0 |      22 |       0 |   0.0
     Lair:2 |    1411 |     253 |  15.2 |       7 |       1 |  12.5
     Lair:3 |    6352 |    5200 |  45.0 |      20 |      42 |  67.7
     Lair:4 |    3137 |    1008 |  24.3 |      12 |       2 |  14.3
     Lair:5 |    4848 |     465 |   8.8 |      18 |      17 |  48.6
    Abyss:1 |    2314 |       0 |   0.0 |      10 |       0 |   0.0
            +---------+---------+-------+---------+---------+-------

Table legend:
 A = Turns spent in this place as a percentage of turns spent in the entire game.
 B = Non-inter-level travel turns spent in this place as a percentage of non-inter-level travel turns spent in the entire game.
 C = Inter-level travel turns spent in this place as a percentage of turns spent in this place.
 D = Turns resting spent in this place as a percentage of non-inter-level travel turns spent in this place.
 E = Turns spent auto-exploring this place as a percentage of non-inter-level travel turns spent in this place.
 F = Non-inter-level travel turns spent in this place divided by the number of levels of this place that you've seen.
                   A       B       C       D       E      F
               +-------+-------+-------+-------+-------+----------------------
         Total | 100.0 | 100.0 |   3.3 |  41.5 |  30.3 | 1318.7
       Dungeon |  56.5 |  56.4 |   3.5 |  35.7 |  34.2 | 1265.3
        Temple |   1.0 |   0.8 |  16.7 |   0.0 |  83.2 | 185.0
          Lair |  40.1 |  40.3 |   3.0 |  49.5 |  25.4 | 1805.0
         Abyss |   2.4 |   2.5 |   0.0 |  57.1 |   3.1 | 555.0
               +-------+-------+-------+-------+-------+----------------------

Levels and vault maps discovered:
D:1:      evilmike_arrival_rings, layout_basic, minmay_quantized
D:2:      layout_loops_ring, chequers_ecumenical_altar_simple_redux,
          first_ration, feat_on_display
D:3:      layout_loops_ring
D:4:      lemuel_castle_with_subvaults [lemuel_castle_interior_carwin_3],
          layout_basic, nicolae_overflow_hidden_temple, nrook_loot_triangle,
          uniq_edmund
D:5:      layout_loops_corners, serial_shops, shop, nicolae_shop_trees
D:6:      layout_cave_pools, serial_shops, shop
D:7:      layout_layer_cave, minmay_temple_entry_glassed_door, basic_altar,
          feat_on_display, uniq_menkaure, uniq_harold, uniq_crazy_yiuf_cottage,
          uniq_pikel, uniq_joseph
D:8:      layout_basic, nicolae_ru_awakened_eye, lemuel_crystal_altar,
          lair_entry_dummy
D:9:      layout_loops_ring, serial_glass, glass_columns_a, glass_columns_a,
          glass_columns_a, glass_columns_c
D:10:     layout_roguey [special_room_orc], erik_orc_2
Temple:   regret_index_temple_mists
Lair:1:   layout_loops_ring
Lair:2:   layout_cave_shapes, skrybe_swamp_entry_bodies,
          chequers_serial_rivers_micro_d, infiniplex_staircase_pool_2,
          lemuel_fruit_fields
Lair:3:   layout_cave_pods, minmay_snake_entry_guardpost_small,
          ebering_ghost_rock_garden, minivault_29, serial_bayou_shore_b
Lair:4:   layout_big_grid, uniq_sonja, uniq_urug
Lair:5:   lemuel_slime, layout_cave_pods, slime_altar_1
Abyss:1:  minivault_4
